AoeStats
← Bandolero

MegaRandom

508350557Analyzed
4v4 RM · 10d ago on Sep 22, 2026· 46m 7s· 8 players
Game mode
Random Map
Map size
Large (8 player)
Population
200
Speed
Normal
Resources
Standard
Victory
Conquest
Starting age
Dark Age
Ending age
Imperial Age
RankedLock teamsTeams togetherTeam positionsShared explorationLock speedFull tech treeHidden civsTurbo modeCheats
Victory
Defeat
🇦🇷 Bulgarians · Argentina
1710
+16
🇲🇽 Maya · Mexico
1704
+17
🇲🇽 Turks · Mexico
1691
+17
🇲🇽 Goths · Mexico
1535
+23
🇦🇷 Sicilians · Argentina
1855
-25
🇦🇷 Gurjaras · Argentina
1715
-18
🇲🇽 Portuguese · Mexico
1662
-16
🇲🇽 Tupi · Mexico
1616
-14
hK | triunFo
7:19 Loom
9:15 Feudal Age
10:51 Double-Bit Axe
11:18 Fletching
13:48 Padded Archer Armor
25:37 Castle Age
25:40 Crossbowman
26:41 Bodkin Arrow
30:10 Ballistics
32:48 Leather Archer Armor
33:51 Town Watch
KH | BooMBastic_
6:13 Loom
8:57 Feudal Age
9:27 Double-Bit Axe
13:31 Horse Collar
18:35 Forging
20:00 Bloodlines
24:11 Castle Age
25:13 Scale Barding Armor
25:31 Bow Saw
25:57 Chain Barding Armor
29:23 Heavy Plow
29:14 Gold Mining
30:02 Wheelbarrow
32:21 Town Watch
34:20 Husbandry
35:20 Iron Casting
40:29 Imperial Age
38:31 Fletching
42:08 Plate Barding Armor
40:55 Cavalier
43:41 Blast Furnace
44:15 Bodkin Arrow
47:40 Two-Man Saw
hK | Islamey
6:20 Loom
8:52 Feudal Age
9:40 Double-Bit Axe
10:49 Horse Collar
15:40 Wheelbarrow
20:16 Castle Age
19:39 Stone Mining
24:18 Gold Mining
25:09 Husbandry
25:52 Scale Barding Armor
26:49 Bloodlines
28:16 Forging
31:08 Chain Barding Armor
31:17 Fletching
31:39 Town Watch
33:41 Hand Cart
38:08 Imperial Age
37:23 Iron Casting
37:47 Heavy Plow
38:25 Gold Shaft Mining
38:26 Stone Shaft Mining
39:29 Plate Barding Armor
41:13 Blast Furnace
41:11 Conscription
40:44 Elite Konnik
43:23 Scale Mail Armor
43:24 Squires
45:28 Chain Mail Armor
hK | TwisteR
0:28 Loom
9:27 Feudal Age
12:12 Fletching
16:23 Padded Archer Armor
20:29 Wheelbarrow
24:10 Castle Age
22:13 Gold Mining
23:34 Horse Collar
24:17 Crossbowman
25:06 Thumb Ring
25:33 Bodkin Arrow
26:43 Leather Archer Armor
27:15 Double-Bit Axe
29:51 Ballistics
31:28 Elite Skirmisher
34:00 Hand Cart
41:05 Imperial Age
41:49 Bracer
41:56 Heavy Plow
43:02 Chemistry
42:15 Arbalester
44:32 Ring Archer Armor
47:05 Conscription
Crosnay
6:01 Loom
9:00 Feudal Age
9:36 Double-Bit Axe
14:54 Scale Barding Armor
17:47 Horse Collar
19:41 Forging
26:20 Castle Age
24:59 Bloodlines
28:59 Bow Saw
29:42 Chain Barding Armor
34:45 Town Watch
35:16 Fletching
36:02 Iron Casting
38:03 Bodkin Arrow
40:26 Gold Mining
44:36 Imperial Age
43:13 Wheelbarrow
47:09 Chemistry
LeBotut
6:24 Loom
9:53 Feudal Age
12:49 Fletching
18:25 Padded Archer Armor
22:25 Castle Age
22:28 Crossbowman
23:04 Bodkin Arrow
25:43 Ballistics
25:59 Leather Archer Armor
33:17 Double-Bit Axe
33:13 Horse Collar
34:00 Gold Mining
34:20 Bow Saw
39:59 Imperial Age
40:05 Wheelbarrow
41:05 Bracer
42:37 Chemistry
45:15 Curare
MarginCall
4:57 Loom
11:17 Feudal Age
15:00 Castle Age
13:13 Double-Bit Axe
14:39 Scale Barding Armor
14:57 Gold Mining
15:24 Bloodlines
18:58 Town Watch
21:41 Chain Barding Armor
22:42 Husbandry
27:50 Forging
30:22 Horse Collar
37:42 Gold Shaft Mining
36:58 Stone Mining
37:54 Iron Casting
38:55 Bow Saw
42:13 Imperial Age
43:39 Plate Barding Armor
43:02 Cavalier
45:11 Blast Furnace
46:00 Hauberk
Bandolero
6:48 Loom
9:14 Feudal Age
10:00 Double-Bit Axe
24:09 Castle Age
25:09 Bow Saw
26:13 Padded Archer Armor
26:58 Fletching
28:21 Leather Archer Armor
29:33 Town Watch
31:18 Bodkin Arrow
32:24 Stone Mining
32:30 Fishing Lines
34:24 Wheelbarrow
34:16 Gillnets
35:04 Ballistics
35:20 Horse Collar
37:54 Hand Cart
41:54 Imperial Age
39:35 Thumb Ring
41:49 Bloodlines
42:34 Husbandry
44:42 Scale Barding Armor
44:48 Forging
Connection lost

Rejoining the realm…

Still unreachable

The connection could not be restored.

Session expired

The server has moved on; the page needs a fresh start.